 Dungeon Crawl Stone Soup version 0.29.1-14-g9c671dbff4 (webtiles) character file.

Game seed: 1035235658507401506

707 Southy the Magician (level 7, 0/36 HPs)
             Began as a Deep Elf Conjurer on Feb 16, 2023.
             Slain by an orc warrior
             ... wielding a +0 short sword
              (9 damage)
             ... on level 5 of the Dungeon.
             The game lasted 00:18:46 (5807 turns).

Southy the Magician (Deep Elf Conjurer)             Turns: 5807, Time: 00:18:46

Health: 0/36       AC:  5    Str:  4    XL:     7   Next: 39%
Magic:  15/20      EV: 12    Int: 25    God:
Gold:   368        SH:  0    Dex: 13    Spells: 14/21 levels left

rFire   . . .      SeeInvis .   s - staff of conjuration
rCold   . . .      Faith    .   (no shield)
rNeg    . . .      Spirit   .   a - +0 robe
rPois   .          Reflect  .   z - +2 helmet
rElec   .          Harm     .   (no cloak)
rCorr   .          Rampage  .   (no gloves)
Will    .....                   (no boots)
Stlth   ++........              u - amulet of regeneration
HPRegen 0.92/turn               (no ring)
MPRegen 0.17/turn               (no ring)

@: no status effects
A: no striking features
a: no special abilities


You were on level 5 of the Dungeon.
You visited 2 branches of the dungeon, and saw 7 of its levels.

You collected 368 gold pieces.

Inventory:

Armour
 a - a +0 robe (worn)
 z - a +2 helmet (worn)
Magical Staves
 o - a staff of earth
 s - a staff of conjuration (weapon)
Jewellery
 p - an amulet of the acrobat
 r - an amulet of reflection
 u - an amulet of regeneration (around neck)
 w - a ring of fire
Wands
 d - a wand of charming (16)
 q - a wand of iceblast (9)
 v - a wand of flame (8)
Scrolls
 f - 2 scrolls of magic mapping
 y - a scroll of identify
Potions
 b - 2 potions of magic
 c - a potion of invisibility
 e - 2 potions of lignification {unknown}
 g - 2 potions of attraction
 h - 3 potions of haste
 i - 2 potions of cancellation
 j - 3 potions of degeneration
 k - 2 potions of brilliance
 l - 2 potions of curing
 m - a potion of flight {unknown}
 n - 2 potions of ambrosia
 t - 2 potions of mutation {unknown}
 x - a potion of berserk rage {unknown}


   Skills:
 + Level 2.5 Staves
 - Level 2.7 Dodging
 - Level 2.7 Stealth
 + Level 7.5 Spellcasting
 + Level 7.3 Conjurations


You had 14 spell levels left.
You knew the following spells:

 Your Spells              Type           Power      Damage    Failure   Level
a - Magic Dart            Conj           100%       1d8       1%          1
b - Searing Ray           Conj           100%       2d8       1%          2
c - Iskenderun's Mystic   Conj/Tloc      41%        2d9       14%         4

Your spell library contained the following spells:

 Spells                   Type           Power      Damage    Failure   Level
 Dazzling Flash           Conj/Hex       82%        N/A       4%          3
 Ensorcelled Hibernation  Hex/Ice        18%        N/A       10%         2
 Fulminant Prism          Conj/Hex       20%        3d13      14%         4
 Spider Form              Tmut/Pois      9%         N/A       19%         3
 Anguish                  Hex/Necr       4%         N/A       54%         4


Dungeon Overview and Level Annotations

Branches:
Dungeon (6/15)             Temple (1/1) D:5

Altars:
Ashenzari
Cheibriados
Elyvilon
Fedhas
Gozag
Hepliaklqana
Makhleb
Nemelex Xobeh
Okawaru
Sif Muna
Trog
Xom
Yredelemnul
Zin

Annotations:
D:6 Grinder


Message History

Aiming: Searing Ray (safe; 1% risk of failure)
Press: ? - help, Shift-Dir - straight line, f - orc warrior
Aim: an orc warrior, wielding a +0 short sword and wearing a +0 chain mail (lightly wounded, 81% to hit)
You feel a surge of power!
The searing ray misses the orc warrior. (Press . to maintain the ray.)
The orc warrior barely misses you.
The searing ray hits the orc warrior.
The orc warrior is lightly wounded.
The orc warrior hits you with a +0 short sword!
The searing ray misses the orc warrior.
The orc warrior hits you but does no damage.
The searing ray hits the orc warrior.
The orc warrior is moderately wounded.
You finish channelling your searing ray.
The orc warrior hits you with a +0 short sword.
You hit the orc warrior but do no damage.
The orc warrior is moderately wounded.
The orc warrior hits you with a +0 short sword!
You hit the orc warrior but do no damage.
You blast the orc warrior.
The orc warrior is moderately wounded.
The orc warrior barely misses you.
You hit the orc warrior.
The orc warrior is heavily wounded.
The orc warrior closely misses you.
You hit the orc warrior but do no damage.
The orc warrior is heavily wounded.
The orc warrior barely misses you.
You barely miss the orc warrior.
The orc warrior is heavily wounded.
The orc warrior barely misses you.
You closely miss the orc warrior.
The orc warrior is heavily wounded.
The orc warrior hits you with a +0 short sword.
The orc warrior hits you with a +0 short sword!
* * * LOW HITPOINT WARNING * * *
You hit the orc warrior but do no damage.
The orc warrior is heavily wounded.
The orc warrior hits you with a +0 short sword!
You die...

## #.## #.###### ###.### #..#
##.....#######.#...# #..#
#.###............... #..###.#
####.....###....
#...##.#####.....## ###..
##...#............# ##.
#.......o.....##..# #.
##........@.#####..# ##
#######.....##.....####..####
#
#..........###..............#
# #######...##
##.............## ##..#
##...PPPPPPP...#### #..#
#...PPPPPPP....... ##..##
#...PP............ #....###
##..PP.........#..
##......###...PP..≈≈≈≈..####


You could see an orc warrior.

Vanquished Creatures
  A black bear (D:4)
  An orc warrior (D:5)
  A phantom (D:5)
  A scorpion (D:5)
  A jelly (D:6)
  A hound (D:5)
  An orc priest (D:6)
  An iguana (D:4)
  4 orc wizards
  10 adders
  A worm (D:2)
  3 dart slugs
  6 orcs
  8 ball pythons
  4 bats
  6 endoplasms
  3 giant cockroaches
  9 hobgoblins
  6 jackals
  2 kobolds
  A quokka (D:4)
  4 frilled lizards
  7 goblins
  3 rats
85 creatures vanquished.

Notes
Turn   | Place    | Note
-------+----------+-------------------------------------------
     0 | D:1      | Southy the Deep Elf Conjurer began the quest for the Orb.
     0 | D:1      | Reached XP level 1. HP: 10/10 MP: 6/6
   205 | D:1      | Reached XP level 2. HP: 15/15 MP: 4/8
   533 | D:1      | Learned a level 2 spell: Searing Ray
   552 | D:1      | Found a faded altar of an unknown god.
  1066 | D:2      | Reached XP level 3. HP: 19/19 MP: 8/10
  1216 | D:2      | Reached skill level 5 in Conjurations
  1559 | D:2      | Reached XP level 4. HP: 24/24 MP: 4/12
  1625 | D:2      | Learned a level 4 spell: Iskenderun's Mystic Blast
  1949 | D:3      | Reached skill level 5 in Spellcasting
  1953 | D:3      | Reached XP level 5. HP: 28/28 MP: 0/14
  2354 | D:3      | Found a broken altar of Ashenzari.
  2503 | D:3      | Found a blossoming altar of Fedhas.
  3015 | D:4      | Found a burning altar of Makhleb.
  3591 | D:4      | Noticed a black bear
  3597 | D:4      | Killed a black bear
  3598 | D:4      | Reached XP level 6. HP: 32/32 MP: 9/17
  4149 | D:4      | Identified a scroll of acquirement
  4149 | D:4      | Acquired a staff of conjuration
  4184 | D:5      | Entered Level 5 of the Dungeon
  4269 | D:5      | Found a hazy altar of Hepliaklqana.
  4372 | D:5      | Found a staircase to the Ecumenical Temple.
  4398 | Temple   | Entered the Ecumenical Temple
  4515 | D:5      | Reached skill level 1 in Staves
  5386 | D:6      | Noticed an orc warrior
  5391 | D:6      | Reached XP level 7. HP: 36/36 MP: 12/19
  5621 | D:6      | Found an iron altar of Okawaru.
  5782 | D:6      | Noticed Grinder
  5807 | D:5      | Slain by an orc warrior

Illustrated notes

Levels and vault maps discovered:
D:1:      evilmike_arrival_hilbert_curve, layout_basic,
          shapermc_ecumenical_altar_mp_urbaneastern
D:2:      layout_basic, minmay_split_cup_large
D:3:      layout_basic, mainiacjoe_overflow_cross_hatched,
          mainiacjoe_overflow_six_doors_small
D:4:      layout_loops_corners, kennysheep_mini_moat
D:5:      layout_layer_cave, mainiacjoe_overflow_chevrons,
          minmay_temple_entry_statues_pillars, minmay_between
D:6:      layout_layer_cave, kennysheep_okawaru_gauntlet, enter_ossuary_4,
          uniq_grinder
Temple:   dpeg_three_leaves_temple

Skill      XL: |  1  2  3  4  5  6  7 |
---------------+----------------------+-----
Spellcasting   | 4 5 6 7 |  7.5
Conjurations   | 5 6 7 |  7.3
Staves         | 1 2 |  2.5
Dodging        | |  2.7
Stealth        | |  2.7

Action                   |  1- 3 |  4- 6 |  7- 9 || total
-------------------------+-------+-------+-------++-------
Melee: Staff             |       |       |     9 ||     9
 Cast: Magic Dart        |    66 |    85 |    19 ||   170
       Searing Ray       |     3 |    11 |     5 ||    19
  Use: Scroll            |     3 |    11 |     1 ||    15
       Potion            |       |       |     1 ||     1
Armor: Robe              |     1 |     2 |     2 ||     5
Dodge: Dodged            |     4 |     8 |    12 ||    24
